 Dungeon Crawl Stone Soup version 0.26-a0-812-g31a745ddcd (webtiles) character file.

Game seed: 9247867948874129097

4057 nicanaca0 the Destroyer (level 10, 0/80 HPs)
             Began as a Pale Draconian Conjurer on Nov 23, 2020.
             Was an Initiate of Vehumet.
             Slain by Erica
             ... wielding a +1 scimitar of flaming
              (5 damage)
             ... on level 8 of the Dungeon.
             The game lasted 00:18:07 (11058 turns).

nicanaca0 the Destroyer (Pale Draconian Conjurer)  Turns: 11058, Time: 00:18:08

Health: 0/80       AC: 10    Str: 11    XL:     10   Next: 4%
Magic:  18/20      EV: 12    Int: 23    God:    Vehumet [......]
Gold:   428        SH:  0    Dex:  9    Spells: 17/23 levels left

rFire    . . .     SeeInvis .   E - +2 battleaxe (flame)
rCold    . . .     Faith    .   (shield currently unavailable)
rNeg     . . .     Spirit   .   (armour unavailable)
rPois    +         Reflect  .   (helmet restricted)
rElec    .         Harm     .   g - +1 cloak
rCorr    .         Rampage  .   h - +0 pair of gloves
MR       +....                  (no boots)
Stlth    ++........             (no amulet)
HPRegen  0.23/turn              (no ring)
MPRegen  0.17/turn              b - ring of poison resistance

@: lethally poisoned (0 -> -2), attractive
A: breathe steam, unfitting armour, clever 1, magic resistance 1, cold-blooded,
AC +7
a: Breathe Steam, Renounce Religion


You were on level 8 of the Dungeon.
You worshipped Vehumet.
Vehumet was noncommittal.
You visited 2 branches of the dungeon, and saw 9 of its levels.
You also visited: Ossuary.

You collected 428 gold pieces.

Inventory:

Hand Weapons
 a - a +2 dagger of freezing
 e - a +0 dagger
 f - a +1 spear
 t - a +1 flail of draining
 u - a +0 flail of holy wrath
 x - a +4 dagger
 y - a +3 hand axe of freezing
 A - a +4 mace
 B - a +2 short sword of electrocution
 C - a +4 morningstar
 E - a +2 battleaxe of flaming (weapon)
Missiles
 j - 6 throwing nets (quivered)
 l - 9 poisoned darts
 s - 25 sling bullets
Armour
 g - a +1 cloak (worn)
 h - a +0 pair of gloves (worn)
 r - the +18 shield of the Gong {rElec rN+ MR+ EV-5}
   (You found it on level 4 of the Dungeon)

   It affects your evasion (-5).
   It insulates you from electricity.
   It protects you from negative energy.
   It affects your resistance to hostile enchantments.
Jewellery
 b - a ring of poison resistance (right hand)
 m - an uncursed ring of flight
Wands
 o - a wand of paralysis (11)
 F - a wand of random effects (5)
Scrolls
 c - 5 scrolls of remove curse {@r2}
 p - 2 scrolls of immolation
 q - a scroll of enchant weapon
 v - a scroll of amnesia
 w - a scroll of identify {@r1}
 D - a scroll of enchant armour
Potions
 d - 3 potions of brilliance
 i - 3 potions of flight
 k - 4 potions of cancellation
 n - a potion of attraction
 z - a potion of mutation


   Skills:
 + Level 4.5 Fighting
 - Level 1.7 Dodging
 - Level 1.7 Stealth
 - Level 5.2 Shields
 + Level 7.0 Spellcasting
 * Level 11.1 Conjurations


You had 17 spell levels left.
You knew the following spells:

 Your Spells              Type           Power        Failure   Level
a - Magic Dart            Conj           ####         1%          1
b - Searing Ray           Conj           ######       1%          2
c - Dazzling Flash        Conj/Hex       ####..       2%          3

Your spell library contained the following spells:

 Spells                   Type           Power        Failure   Level
 Fulminant Prism          Conj/Hex       ####......   8%          4
 Iskenderun's Mystic Bla  Conj/Tloc      ####....     8%          4


Dungeon Overview and Level Annotations

Branches:
Dungeon (8/15)             Temple (1/1) D:7         Ossuary (visited)
   Lair: D:8-11

Altars:
Ashenzari
Dithmenos
Elyvilon
Fedhas
Hepliaklqana
Kikubaaqudgha
Makhleb
Nemelex Xobeh
Okawaru
Sif Muna
Trog
Uskayaw
Vehumet
Wu Jian
Yredelemnul
Zin

Annotations:
D:8 Erica


Innate Abilities, Weirdness & Mutations

You can breathe blasts of scalding, opaque steam.
Your pale cyan-grey scales are hard. (AC +7)
You cannot fit into any form of body armour.
You are cold-blooded and may be slowed by cold attacks.
Your mind is acute. (Int +2)
You are resistant to hostile enchantments. (MR+)


Message History

You resist.
You feel sick.
You feel sick.
You feel sick.
You feel sick. Something hits you. Something burns you.
You feel sick.
You barely miss something.
You feel sick.
You hear some strange, mumbled words.
A lance of force appears from out of thin air!
The lance of force hits you!!
* * * LOW HITPOINT WARNING * * *
You are knocked back by the lance of force.
It was a potion of cancellation.
You feel magically purged.
You feel sick.
It was a potion of attraction.
You feel attractive to monsters. Something is pulled toward you!
Something hits you!
* * * LOW HITPOINT WARNING * * *
Something burns you.
You die...

# ####### # #.....# ###
#########.....######.#
###......##............#
.............)..........
###.###..##......#####..
#.# #..##......#......
###.###@.#######.#.####.
#........# #.#.#....
#.#.###.########.#....<.
#.# #.# #...##.#######
#.# #.# #...##..
#.###.###...#######
#...........'......
#####.###...########
........# #...........


There were no monsters in sight!

Vanquished Creatures
  Harold (D:8)
  Prince Ribbit (D:6)
  A basilisk (D:7)
  Grum (D:8)
  Edmund (D:6)
  An ice beast (D:6)
  An orc warrior (D:6)
  3 ogres
  3 wolves (D:8)
  5 centaurs
  A bullfrog (D:7)
  A scorpion (D:6)
  12 wights
  A howler monkey (D:5)
  3 centaur zombies
  A hound (D:6)
  A quasit (D:5)
  6 orc wizards
  A centaur skeleton (D:7)
  An orc priest (D:4)
  A jelly (D:5)
  4 iguanas
  Jessica (D:2)
  A human zombie (Ossuary)
  6 worker ants
  A big kobold zombie (Ossuary)
  2 mummies (Ossuary)
  A worker ant zombie (D:5)
  10 adders
  4 gnolls (D:3)
  2 shadow imps (D:7)
  A white imp (D:5)
  2 ufetubi
  An ooze (D:3)
  3 adder zombies
  An adder skeleton (D:7)
  3 worms
  A dart slug (D:1)
  7 leopard geckos
  18 orcs
  7 bats
  8 giant cockroaches
  13 hobgoblins
  A quokka (D:7)
  5 frilled lizards
  A giant cockroach zombie (D:5)
  5 goblins
  A goblin zombie (Ossuary)
  7 hobgoblin zombies (Ossuary)
  2 jackal zombies (Ossuary)
  6 kobolds
  10 kobold zombies (Ossuary)
  11 orc zombies (Ossuary)
  A quokka zombie (D:5)
  7 rats
  A rat zombie (Ossuary)
202 creatures vanquished.

Notes
Turn   | Place    | Note
-------+----------+-------------------------------------------
     0 | D:1      | nicanaca0 the Draconian Conjurer began the quest for the
                  | Orb.
     0 | D:1      | Reached XP level 1. HP: 14/14 MP: 3/3
   344 | D:1      | Reached XP level 2. HP: 20/20 MP: 1/5
  1051 | D:2      | Reached XP level 3. HP: 5/26 MP: 1/6
  1408 | D:2      | Learned a level 2 spell: Searing Ray
  1412 | D:2      | Learned a level 3 spell: Dazzling Flash
  1548 | D:2      | Noticed Jessica
  1550 | D:2      | Killed Jessica
  1550 | D:2      | Reached skill level 5 in Conjurations
  1600 | D:2      | Reached XP level 4. HP: 33/33 MP: 1/8
  2875 | D:3      | Reached XP level 5. HP: 38/38 MP: 5/9
  3812 | D:4      | Reached skill level 6 in Conjurations
  4041 | D:4      | Noticed an ogre
  4047 | D:4      | Killed an ogre
  4047 | D:4      | Reached XP level 6. HP: 45/45 MP: 4/11
  4530 | D:4      | Reached skill level 7 in Conjurations
  4735 | D:4      | Found the +18 shield of the Gong {rElec rN+ MR+ EV-5}
  5196 | D:5      | Entered Level 5 of the Dungeon
  5204 | D:4      | Your scales start taking on a pale cyan-grey colour.
  5204 | D:4      | Reached XP level 7. HP: 45/50 MP: 5/13
  5538 | D:4      | Reached skill level 1 in Shields
  6192 | D:5      | Reached skill level 8 in Conjurations
  6587 | D:5      | Found a basalt altar of Yredelemnul.
  6763 | D:6      | Noticed Edmund
  6777 | D:6      | Killed Edmund
  6777 | D:6      | Reached XP level 8. HP: 38/57 MP: 6/15
  6823 | D:6      | Reached skill level 5 in Spellcasting
  7649 | D:6      | Reached skill level 9 in Conjurations
  7953 | D:6      | Noticed Prince Ribbit
  7971 | D:6      | Killed Prince Ribbit
  7971 | D:6      | Reached skill level 5 in Shields
  8185 | D:6      | Reached XP level 9. HP: 59/63 MP: 12/17
  8389 | D:6      | Reached skill level 1 in Fighting
  8548 | D:7      | Found a sand-covered staircase.
  8553 | Ossuary  | Entered an ossuary
  8910 | Ossuary  | Gained mutation: Your mind is acute. (Int +2) [potion of
                  | mutation]
  8910 | Ossuary  | Gained mutation: You are resistant to hostile enchantments.
                  | (MR+) [potion of mutation]
  9291 | D:7      | HP: 2/67 [orc/+0 trident (5)]
  9798 | D:7      | Found a staircase to the Ecumenical Temple.
  9821 | D:7      | Reached skill level 10 in Conjurations
  9846 | Temple   | Entered the Ecumenical Temple
  9975 | Temple   | Became a worshipper of Vehumet
 10507 | D:7      | Found a sparkling altar of Nemelex Xobeh.
 10642 | D:8      | Noticed Grum
 10663 | D:8      | Killed Grum
 10720 | D:8      | Noticed Harold
 10817 | D:8      | Killed Harold
 10817 | D:8      | Reached skill level 11 in Conjurations
 10817 | D:8      | Reached XP level 10. HP: 41/80 MP: 5/20
 11042 | D:8      | Noticed Erica
 11058 | D:8      | Slain by Erica

Illustrated notes

Levels and vault maps discovered:
D:1:      dpeg_arrival_snail, layout_basic, st_stairs_8
D:2:      layout_loops_corners, uniq_jessica
D:3:      layout_loops_corners, serial_rivers, chequers_serial_rivers_marsh,
          chequers_serial_rivers_micro_b, chequers_serial_rivers_small_3,
          chequers_serial_rivers_large_a, chequers_serial_rivers_room_b
D:4:      layout_basic, eino_small_chamber_without_monster
D:5:      layout_rooms, lemuel_coloured_pillars_altar
D:6:      layout_loops_cross, st_stairs_5, uniq_edmund, uniq_prince_ribbit1
D:7:      layout_rooms, nemelex_altar_shiori, minmay_temple_entry_trees,
          enter_ossuary_2
D:8:      layout_basic, chequers_temple_overflow_minitemple,
          kennysheep_generic_room_15, uniq_grum, uniq_erica, uniq_harold,
          uniq_gastronok
Temple:   nicolae_temple_great_sept

Skill      XL: |  1  2  3  4  5  6  7  8  9 |
---------------+----------------------------+-----
Conjurations   | 5 6 7 8 9 11 | 11.1
Spellcasting   | 3 4 5 7 |  7.0
Shields        | 3 5 |  5.2
Fighting       | 4 |  4.5
Dodging        | |  1.7
Stealth        | |  1.7

Action                   |  1- 3 |  4- 6 |  7- 9 | 10-12 || total
-------------------------+-------+-------+-------+-------++-------
Melee: Spear             |     7 |    19 |    26 |       ||    52
       Tailslap          |       |     1 |    15 |       ||    16
       Flail             |       |       |    82 |       ||    82
       Short sword       |       |       |     9 |       ||     9
       Hand axe          |       |       |     3 |       ||     3
       Morningstar       |       |       |     2 |       ||     2
       Battleaxe         |       |       |       |     2 ||     2
 Cast: Magic Dart        |    55 |   119 |   188 |     3 ||   365
       Searing Ray       |       |    13 |    51 |     1 ||    65
  Use: Scroll            |     3 |     6 |     8 |       ||    17
       Potion            |     2 |       |     5 |     2 ||     9
Armor: Skin              |     1 |    14 |   159 |     1 ||   175
Dodge: Dodged            |    11 |    24 |   220 |     1 ||   256
Block: Kite shield       |       |     2 |       |       ||     2

Table legend: (Time is in decaauts)
 A = Elapsed time spent in this place.
 B = Non-inter-level travel time spent in this place.
 C = Inter-level travel time spent in this place.
 D = Time resting spent in this place.
 E = Time spent auto-exploring this place.
 F = Levels seen in this place.
 G = Mean time per level.
                   A        B        C        D        E       F      G
               +--------+--------+--------+--------+--------+-----+--------+
         Total |  11115 |  10845 |    270 |   2201 |   7115 |  10 | 1111.5 |
       Dungeon |  10247 |   9987 |    260 |   2111 |   6558 |   8 | 1280.9 |
        Temple |    139 |    129 |     10 |      0 |    119 |   1 |  139.0 |
       Ossuary |    728 |    728 |      0 |     90 |    438 |   1 |  728.0 |
               +--------+--------+--------+--------+--------+-----+--------+

Top non-repeatable levels by time:
     D:4: 1916 daAuts
     D:6: 1803 daAuts
     D:3: 1443 daAuts
     D:2: 1408 daAuts
     D:7: 1201 daAuts
     D:5: 1153 daAuts
     D:1: 841 daAuts
 Ossuary: 728 daAuts
     D:8: 479 daAuts
  Temple: 139 daAuts
